 Dungeon Crawl Stone Soup version 0.23.0 (webtiles) character file.

Game seed: 16510333652922919443

311 Hylith the Cudgeler (level 6, -1/56 HPs)
             Began as a Minotaur Berserker on Feb 12, 2019.
             Was a Believer of Trog.
             Killed from afar by an orc wizard (4 damage)
             ... with a puff of flame
             ... on level 4 of the Dungeon.
             The game lasted 00:04:48 (1747 turns).

Hylith the Cudgeler (Minotaur Berserker)            Turns: 1747, Time: 00:04:50

Health: -1/56      AC:  5    Str: 23    XL:     6   Next: 18%
Magic:  5/5        EV: 11    Int:  4    God:    Trog [**....]
Gold:   121        SH:  3    Dex: 10    Spells: 5/5 levels left

rFire    + . .     SeeInvis .   a - +0 mace
rCold    . . .     Gourm    .   j - +0 buckler
rNeg     . . .     Faith    .   k - +0 ring mail
rPois    .         Spirit   .   (helmet restricted)
rElec    .         Reflect  .   (no cloak)
rCorr    .         Harm     .   (no gloves)
MR       .....                  (no boots)
Stlth    ..........             (no amulet)
HPRegen  0.18/turn              f - ring of protection from fire
MPRegen  0.09/turn              (no ring)

@: berserk cooldown, slowed, very slow
A: retaliatory headbutt, horns 2
a: Berserk, Trog's Hand, Renounce Religion


You were on level 4 of the Dungeon.
You worshipped Trog.
Trog was pleased with you.
You were near starving.

You visited 1 branch of the dungeon, and saw 4 of its levels.

You collected 121 gold pieces.

Inventory:

Hand Weapons
 a - a +0 mace (weapon)
Armour
 j - a +0 buckler (worn)
 k - a +0 ring mail (worn)
Jewellery
 f - a ring of protection from fire (left hand)
Scrolls
 b - 2 scrolls of remove curse {unknown}
 d - 2 scrolls of fear {unknown}
 e - a scroll of enchant weapon {unknown}
 g - 3 scrolls of random uselessness {unknown}
 h - 2 scrolls of magic mapping {unknown}
 i - a scroll of fog {unknown}
 m - 3 scrolls of identify {unknown}
Potions
 l - a potion of lignification {unknown}
 n - a potion of curing {unknown}
Comestibles
 c - 6 rations


   Skills:
 + Level 5.5 Fighting
 + Level 6.2 Maces & Flails
 + Level 3.8 Armour
 - Level 3.0 Dodging


You had 5 spell levels left.
You didn't know any spells.
Your spell library was empty.

Dungeon Overview and Level Annotations

Branches:
Dungeon (4/15)
 Temple: D:4-7

Altars:
Trog
Xom


Innate Abilities, Weirdness & Mutations

You reflexively headbutt those who attack you in melee.
You have a pair of horns on your head.


Message History

The puff of frost hits you.
* * * LOW HITPOINT WARNING * * *
The orc hits you with a +0 flail.
* * * LOW HITPOINT WARNING * * *
You hit the orc.
The orc is heavily wounded.
Something hits you.
* * * LOW HITPOINT WARNING * * *
You hear some strange, mumbled words.
A puff of frost appears from out of thin air!
The puff of frost hits you!
* * * LOW HITPOINT WARNING * * *
The orc misses you.
You hit the orc.
You kill the orc!
Trog accepts your kill.
You hear some strange, mumbled words.
A puff of flame appears from out of thin air!
The puff of flame hits you. You resist.
You die...

## ### #.# ## ##.## ##
#..##. #...###..#
....#.## #........#
.....# ##.{@..#..# ##.
#..###..))......#
#....#.<).#).#...#....
#...#.)..#........
#..)##<..#........
.........##.........
..#.....#... ##.......
#.......... #......
$..........#. #..#.


There were no monsters in sight!

Vanquished Creatures
  An ogre (D:4)
  A hound (D:2)
  An orc wizard (D:4)
  Jessica (D:2)
  Natasha (D:3)
  A worker ant (D:4)
  3 adders (D:2)
  2 oozes
  A worm (D:2)
  A dart slug (D:1)
  5 orcs
  3 bats (D:1)
  3 goblins
  6 hobgoblins
  4 jackals (D:2)
  10 kobolds
  A quokka (D:2)
  A frilled lizard (D:2)
  12 rats
58 creatures vanquished.

Notes
Turn   | Place    | Note
-------+----------+-------------------------------------------
     0 | D:1      | Hylith the Minotaur Berserker began the quest for the Orb.
     0 | D:1      | Reached XP level 1. HP: 19/19 MP: 0/0
   208 | D:1      | Reached skill level 4 in Maces & Flails
   231 | D:1      | Reached XP level 2. HP: 16/27 MP: 1/1
   644 | D:1      | Reached ** piety under Trog
   672 | D:2      | Reached XP level 3. HP: 27/33 MP: 2/2
   823 | D:2      | Reached XP level 4. HP: 27/41 MP: 3/3
   875 | D:2      | Noticed Jessica
   882 | D:2      | Killed Jessica
   882 | D:2      | Reached skill level 5 in Maces & Flails
  1350 | D:3      | Found a shimmering altar of Xom.
  1469 | D:3      | Reached XP level 5. HP: 47/47 MP: 4/4
  1482 | D:3      | Noticed Natasha
  1486 | D:3      | Killed Natasha
  1486 | D:3      | Reached skill level 5 in Fighting
  1594 | D:3      | Noticed a moth of wrath
  1597 | D:3      | Found a bloodstained altar of Trog.
  1720 | D:4      | Noticed an ogre
  1724 | D:4      | Killed an ogre
  1724 | D:4      | Reached skill level 6 in Maces & Flails
  1735 | D:4      | Reached XP level 6. HP: 56/56 MP: 5/5
  1747 | D:4      | Killed from afar by an orc wizard

Skill      XL: |  1  2  3  4  5 |
---------------+----------------+-----
Fighting       | 4 5 |  5.5
Maces & Flails | 4 5 6 |  6.2
Armour         | 3 |  3.8
Dodging        | 3 |  3.0

Action                   |  1- 3 |  4- 6 || total
-------------------------+-------+-------++-------
Melee: Mace              |    59 |    54 ||   113
       Headbutt          |     3 |     7 ||    10
Invok: Berserk           |     1 |     1 ||     2
  Eat: Chunk             |       |     3 ||     3
Armor: Animal skin       |     7 |       ||     7
       Ring mail         |     4 |    19 ||    23
Dodge: Dodged            |    40 |    28 ||    68
Block: Buckler           |     2 |     5 ||     7
